 Dungeon Crawl Stone Soup version 0.30-a0-170-g85af917532 (webtiles) character file.

Game seed: 1717362980471092083

315 qw the Chopper (level 6, 0/38 HPs)
             Began as a Gargoyle Fighter on Sept 30, 2022.
             Slain by Pikel
             ... wielding a +2 whip of freezing
              (3 damage)
             ... on level 4 of the Dungeon.
             The game lasted 00:01:08 (2728 turns).

qw the Chopper (Gargoyle Fighter)                   Turns: 2728, Time: 00:01:09

Health: 0/38       AC: 17    Str: 22    XL:     6   Next: 44%
Magic:  6/6        EV:  6    Int:  8    God:
Gold:   119        SH:  4    Dex:  9    Spells: 5/5 levels left

rFire   . . .      SeeInvis .    Y - +0 war axe
rCold   . . .      Faith    .    c - +0 buckler
rNeg    + . .      Spirit   .    a - +0 plate armour
rPois   inf        Reflect  .    (no helmet)
rElec   +          Harm     .    (no cloak)
rCorr   .          Rampage  .    f - +0 pair of gloves
Will    .....                    (no boots)
Stlth   ..........               (no amulet)
HPRegen 0.12/turn                e - +4 ring of slaying {mikee}
MPRegen 0.10/turn                (no ring)

@: no status effects
A: sickness immunity, AC +4, negative energy resistance 1, electricity
resistance, torment resistance 1, petrification resistance
a: no special abilities


You were on level 4 of the Dungeon.
You visited 1 branch of the dungeon, and saw 4 of its levels.

You collected 119 gold pieces.


Innate Abilities, Weirdness & Mutations

You are immune to sickness and miasma.
Your stone body is resilient. (AC +4)
You are immune to poison.
You resist negative energy. (rN+)
You are resistant to electric shocks. (rElec)
You are resistant to unholy torment.
You are immune to petrification.


   Skills:
 - Level 4.1 Fighting
 + Level 5.6 Axes
 - Level 3.2 Armour
 - Level 3.2 Shields


You had 5 spell levels left.
You didn't know any spells.
Your spell library was empty.

Inventory:

Hand Weapons
 j - a +0 whip
 Y - a +0 war axe (weapon)
Armour
 a - a +0 plate armour (worn)
 c - a +0 buckler (worn)
 f - a +0 pair of gloves (worn)
Jewellery
 e - a +4 ring of slaying (left hand) {mikee}
Scrolls
 n - a scroll of identify
Potions
 d - a potion of might
 g - a potion of attraction
 h - a potion of invisibility {unknown}
 i - a potion of haste {unknown}
 k - a potion of curing {unknown}
 l - a potion of berserk rage {unknown}
 m - a potion of lignification {unknown}

Dungeon Overview and Level Annotations

Branches:
Dungeon (4/15)
 Temple: D:4-7

Altars:

Annotations:
D:4 Pikel


Message History

A lemure comes into view.
The lemure hits you but does no damage. Pikel hits you but does no damage.
You slash the lemure!
The lemure is severely wounded.
You miss Pikel.
A lemure comes into view.
The lemure hits you. Pikel hits you but does no damage.
You block the lemure's attack.
You closely miss the lemure.
The lemure is severely wounded.
You hit Pikel. You block Pikel's attack.
The lemure hits you but does no damage.
You closely miss the lemure.
The lemure is severely wounded.
You hit Pikel.
Pikel hits you with a +2 whip of freezing.
Pikel freezes you. The lemure hits you but does no damage.
Pikel hits you but does no damage.
You slash the lemure!
The lemure is almost dead.
You hit Pikel. The lemure hits you! Pikel hits you but does no damage.
You slash the lemure!
You kill the lemure!
That felt strangely unrewarding.
You slash Pikel!
Pikel hits you with a +2 whip of freezing.
Pikel freezes you.
You barely miss Pikel.
Pikel is heavily wounded.
Pikel hits you with a +2 whip of freezing.
Pikel freezes you.
You closely miss Pikel.
Pikel is heavily wounded.
Pikel hits you but does no damage.
You miss Pikel.
Pikel is heavily wounded.
Pikel hits you with a +2 whip of freezing.
Pikel freezes you.
Pikel hits you with a +2 whip of freezing.
You die...

###..<.#.##.....#
##.######.###.#
#..#......# #.#
########..#.###### #.#
#......%..#.....# #.#
#...............# #.#
#...........##### #.#
#.....###...... #.#
#....@#..#####.# #.#
#.....K5.....#.#####..
#######5...........###
................
##.##.........###
#.........# # ..
#.#.###'### #
..##.#....)#####
................


You could see Pikel and 2 lemures.

Vanquished Creatures
  A lemure (D:4)
  A scorpion (D:4)
  3 hounds
  Jessica (D:2)
  An iguana (D:4)
  4 adders
  4 worms
  2 dart slugs (D:2)
  An orc (D:4)
  4 endoplasms
  3 giant cockroaches
  13 hobgoblins
  2 jackals (D:4)
  2 quokkas (D:1)
  2 ball pythons (D:1)
  5 bats
  3 frilled lizards
  8 goblins
  5 kobolds
  2 rats
67 creatures vanquished.

Vanquished Creatures (others)
  14 plants (D:1)
14 creatures vanquished.

Grand Total: 81 creatures vanquished

Notes
Turn   | Place    | Note
-------+----------+-------------------------------------------
     0 | D:1      | qw the Gargoyle Fighter began the quest for the Orb.
     0 | D:1      | Reached XP level 1. HP: 14/14 MP: 1/1
     0 | D:1      | 0 ||| qw: Version: 0.2-a-12-gaebbb33
     0 | D:1      | 0 ||| qw: Game counter: 1611
     0 | D:1      | 0 ||| qw: Always use a shield: true
     0 | D:1      | 0 ||| qw: God list: Okawaru
     0 | D:1      | 0 ||| qw: Allow faded altars: false
     0 | D:1      | 0 ||| qw: Do Orc after D:15 true
     0 | D:1      | 0 ||| qw: Do second Lair branch before Depths: true
     0 | D:1      | 0 ||| qw: Lair rune preference: random
     0 | D:1      | 0 ||| qw: Plans: Normal, Zot:1-4, God:TSO, Crypt, Tomb,
                  | Pan, Slime:5, Hells, Abyss, Orb
     0 | D:1      | 0 ||| PLANNING D:1-11
    28 | D:1      | Reached skill level 2 in Axes
    51 | D:1      | Reached XP level 2. HP: 19/19 MP: 2/2
    52 | D:1      | 52 ||| Stepping ~*~*~tactically~*~*~ (stealth).
    54 | D:1      | 54 ||| Stepping ~*~*~tactically~*~*~ (stealth).
   365 | D:1      | Reached skill level 3 in Axes
   417 | D:1      | Reached XP level 3. HP: 23/23 MP: 3/3
   541 | D:1      | 541 ||| DROPPING +0 club.
   695 | D:1      | 695 ||| UPGRADING to +0 pair of gloves.
   700 | D:1      | 700 ||| READING 3 scrolls labelled JOR TIPSIFAU.
   701 | D:1      | 701 ||| DRINKING 3 amethyst potions.
   702 | D:1      | 702 ||| DROPPING 2 scrolls of poison.
   703 | D:1      | 703 ||| DROPPING 2 potions of magic.
   788 | D:2      | 788 ||| Stepping ~*~*~tactically~*~*~ (stealth).
   789 | D:2      | 789 ||| Stepping ~*~*~tactically~*~*~ (stealth).
   790 | D:2      | 790 ||| Stepping ~*~*~tactically~*~*~ (stealth).
  1001 | D:2      | Noticed Jessica
  1004 | D:2      | Killed Jessica
  1005 | D:2      | Reached skill level 4 in Axes
  1005 | D:2      | Reached XP level 4. HP: 28/28 MP: 4/4
  1264 | D:2      | 1264 ||| Stepping ~*~*~tactically~*~*~ (hiding).
  1376 | D:2      | 1376 ||| DROPPING +0 vorpal hand axe.
  1488 | D:2      | 1488 ||| UPGRADING to +0 plate armour.
  1498 | D:2      | 1498 ||| DROPPING +0 scale mail.
  1499 | D:2      | 1499 ||| UPGRADING to +4 ring of slaying {mikee}.
  1500 | D:2      | 1500 ||| READING scroll labelled OBLUWN OLAYMEH.
  1620 | D:3      | Reached XP level 5. HP: 32/32 MP: 5/5
  1981 | D:3      | Found a faded altar of an unknown god.
  2043 | D:3      | 2043 ||| READING scroll labelled FUIMECV HATSO.
  2047 | D:3      | 2047 ||| READING 2 scrolls of identify.
  2047 | D:3      | 2047 ||| IDENTIFYING fizzy brown potion
  2186 | D:4      | Reached skill level 5 in Axes
  2278 | D:4      | 2278 ||| Stepping ~*~*~tactically~*~*~ (stealth).
  2282 | D:4      | Reached XP level 6. HP: 38/38 MP: 6/6
  2292 | D:4      | 2292 ||| FLEEEEING.
  2293 | D:4      | 2293 ||| FLEEEEING.
  2294 | D:4      | 2294 ||| FLEEEEING.
  2295 | D:4      | 2295 ||| FLEEEEING.
  2296 | D:4      | 2296 ||| FLEEEEING.
  2317 | D:4      | 2317 ||| FLEEEEING.
  2318 | D:4      | 2318 ||| FLEEEEING.
  2319 | D:4      | 2319 ||| FLEEEEING.
  2320 | D:4      | 2320 ||| FLEEEEING.
  2321 | D:4      | 2321 ||| FLEEEEING.
  2322 | D:4      | 2322 ||| FLEEEEING.
  2323 | D:4      | 2323 ||| FLEEEEING.
  2324 | D:4      | 2324 ||| FLEEEEING.
  2325 | D:4      | 2325 ||| FLEEEEING.
  2326 | D:4      | 2326 ||| FLEEEEING.
  2327 | D:4      | 2327 ||| FLEEEEING.
  2349 | D:4      | 2349 ||| FLEEEEING.
  2350 | D:4      | 2350 ||| FLEEEEING.
  2517 | D:4      | 2517 ||| Stepping ~*~*~tactically~*~*~ (stealth).
  2654 | D:4      | 2654 ||| FLEEEEING.
  2657 | D:4      | 2657 ||| STAIRDANCE
  2704 | D:3      | 2704 ||| READING 2 scrolls of identify.
  2704 | D:3      | 2704 ||| IDENTIFYING blue potion
  2705 | D:3      | 2705 ||| DROPPING potion of flight.
  2715 | D:4      | Noticed Pikel
  2726 | D:4      | HP: 9/38 [Pikel/+2 whip of freezing (5)]
  2728 | D:4      | HP: 3/38 [Pikel/+2 whip of freezing (2)]
  2728 | D:4      | Slain by Pikel

Levels and vault maps discovered:
D:1:      roderic_crop_circles_arrival_small, layout_loops_ring
D:2:      layout_basic, chequers_serial_rivers_small_a, uniq_jessica
D:3:      layout_rooms, ebering_ecumenical_altar_petrified,
          kennysheep_cluttered_room
D:4:      layout_basic, moated_statue, uniq_pikel

Skill      XL: |  1  2  3  4  5  6 |
---------------+-------------------+-----
Axes           | 2 3 4 5 |  5.6
Fighting       | 4 |  4.1
Armour         | |  3.2
Shields        | |  3.2

Action                   |  1- 3 |  4- 6 || total
-------------------------+-------+-------++-------
Melee: War axe           |    96 |   101 ||   197
  Use: Scroll            |     1 |     4 ||     5
       Potion            |     1 |       ||     1
Armor: Scale mail        |    54 |     8 ||    62
       Plate armour      |       |    40 ||    40
Dodge: Dodged            |    36 |    21 ||    57
Block: Buckler           |    23 |    15 ||    38

Table legend:
 A = Non-vault XP
 B = Vault XP
 C = Vault XP percentage of total XP
 D = Non-vault monster count
 E = Vault monster count
 F = Vault count percentage of total count
                 A         B        C        D         E       F
            +---------+---------+-------+---------+---------+-------
      Total |     414 |      37 |   8.2 |      65 |       1 |   1.5
            +---------+---------+-------+---------+---------+-------
        D:1 |      40 |       0 |   0.0 |      25 |       0 |   0.0
        D:2 |      63 |      37 |  37.0 |      13 |       1 |   7.1
        D:3 |      74 |       0 |   0.0 |      10 |       0 |   0.0
        D:4 |     237 |       0 |   0.0 |      17 |       0 |   0.0
            +---------+---------+-------+---------+---------+-------
